 Dungeon Crawl Stone Soup version 0.25-a0-258-g6d7e32a812 (webtiles) character file.

Game seed: 9519476268581823517, levelgen mode: deterministic

1681 kae the Destroyer (level 9, -1/45 HPs)
             Began as a Tengu Fire Elementalist on Dec 6, 2019.
             Was an Initiate of Vehumet.
             Killed from afar by an orc wizard (10 damage)
             ... with a puff of frost
             ... on level 6 of the Dungeon.
             The game lasted 00:09:41 (9598 turns).

kae the Destroyer (Tengu Fire Elementalist)         Turns: 9598, Time: 00:09:41

Health: -1/45      AC:  3    Str:  8    XL:     9   Next: 2%
Magic:  16/17      EV: 13    Int: 19    God:    Vehumet [......]
Gold:   348        SH:  0    Dex: 15    Spells: 4/17 levels left

rFire    . . .     SeeInvis .   h - +2 falchion (elec)
rCold    . . .     Gourm    .   (no shield)
rNeg     . . .     Faith    .   a - +1 robe
rPois    .         Spirit   .   (helmet restricted)
rElec    .         Reflect  .   (no cloak)
rCorr    .         Harm     .   (no gloves)
MR       .....                  (boots unavailable)
Stlth    ++........             (no amulet)
HPRegen  0.15/turn              (no ring)
MPRegen  0.15/turn              (no ring)

@: no status effects
A: beak, talons 3, able to fly
a: Fly, Renounce Religion


You were on level 6 of the Dungeon.
You worshipped Vehumet.
Vehumet was noncommittal.
You were not hungry.

You visited 2 branches of the dungeon, and saw 8 of its levels.

You collected 348 gold pieces.

Inventory:

Hand Weapons
 h - a +2 falchion of electrocution (weapon)
Armour
 a - a +1 robe (worn)
Jewellery
 t - an uncursed ring of stealth {unknown}
Scrolls
 b - 4 scrolls of remove curse
 g - 6 scrolls of identify
 i - a scroll of enchant weapon {unknown}
 k - 2 scrolls of blinking
 n - 2 scrolls of teleportation
 p - a scroll of random uselessness
 s - a scroll of amnesia {unknown}
 u - a scroll of immolation {unknown}
Potions
 c - 3 potions of agility
 d - a potion of cancellation
 e - 2 potions of resistance
 f - a potion of mutation
 j - 4 potions of curing
 m - 2 potions of brilliance {unknown}
 o - a potion of lignification
 q - a potion of heal wounds
 r - a potion of degeneration
 v - a potion of haste {unknown}
 w - a potion of berserk rage {unknown}
Comestibles
 l - 3 rations


   Skills:
 - Level 2.1 Dodging
 - Level 2.0 Stealth
 + Level 4.8 Spellcasting
 * Level 9.2 Conjurations
 * Level 8.4 Fire Magic


You had 4 spell levels left.
You knew the following spells:

 Your Spells              Type           Power        Failure   Level  Hunger
a - Foxfire               Conj/Fire      ####         1%          1    None
b - Conjure Flame         Conj/Fire      #####...     1%          3    ##.....
c - Sticky Flame          Conj/Fire      #####...     3%          4    ####...
d - Fireball              Conj/Fire      #####.....   9%          5    ######.

Your spell library contained the following spells:

 Spells                   Type           Power        Failure   Level  Hunger
 Inner Flame              Hex/Fire       ###.....     7%          3    ##.....


Dungeon Overview and Level Annotations

Branches:
Dungeon (7/15)             Temple (1/1) D:6

Altars:
Ashenzari
Cheibriados
Dithmenos
Elyvilon
Gozag
Hepliaklqana
Kikubaaqudgha
Makhleb
Nemelex Xobeh
Okawaru
Qazlal
Ru
Sif Muna
Trog
Uskayaw
Vehumet
Wu Jian
Xom
Yredelemnul
Zin
The Shining One

Annotations:
D:2 exclusion: hungry ghost


Innate Abilities, Weirdness & Mutations

You have a beak for a mouth.
You have claws for feet.
You can fly continuously.


Message History

The orc wizard seems to speed up.
You hit the orc wizard but do no damage.
The orc wizard is almost dead.
The orc wizard hits you but does no damage.
The orc wizard misses you.
You miss the orc wizard. Your kick misses the orc wizard.
The orc wizard is almost dead.
The orc wizard casts a spell.
The orc wizard flickers and vanishes!
Deactivating autopickup; reactivate with Ctrl-A.
Something hits you.
You barely miss something. You claw something. You peck something.
You hear some strange, mumbled words.
A puff of frost appears from out of thin air!
The puff of frost hits you.
* * * LOW HITPOINT WARNING * * *
You hear some strange, mumbled words.
A puff of frost appears from out of thin air!
The puff of frost hits you!
You die...

#.#.##.# #...###...##.#
#######.#.##.########...#####.#
.............#.....###.## #.# #
#######.#.####.###.###.## #.# #
........#.####.#........#####.###
#######.#........#.#.###.........
......#.######.###...# #.####(###
.####.#.# #.###...###.##......
.#()#.#.# #o{@†..#...###.#.###
..(.#.#.##########...#### #.#.###
#####.#......# #.<.# #....##
......#.####.# #...# #.....#
#######.####.# #...# #.....#
..........##.#####...######.###..
..###.....................#.#...#
##......................(...#.#.#
#.##.#....................###.#.#


You could see an orc.

Vanquished Creatures
  Sigmund (D:4)
  Menkaure (D:4)
  An ice beast (D:6)
  An ogre (D:4)
  A phantom (D:4)
  A centaur (D:6)
  3 bullfrogs (D:6)
  A scorpion (D:4)
  A wight (D:6)
  A howler monkey (D:6)
  2 hounds (D:6)
  3 orc priests
  2 iguanas (D:5)
  Natasha (twice) (D:4)
  2 orc wizards (D:5)
  7 worker ants
  2 hound zombies
  A worker ant zombie (D:2)
  4 gnolls (D:6)
  6 adders
  A shadow imp (D:5)
  4 oozes
  2 adder zombies
  3 worms
  2 dart slugs
  2 leopard geckos (D:1)
  22 orcs
  4 giant cockroaches
  9 hobgoblins
  6 jackals
  A quokka (D:3)
  4 ball pythons
  7 bats
  3 frilled lizards
  6 goblins
  8 kobolds
  A leopard gecko skeleton (D:4)
  6 rats
134 creatures vanquished.

Vanquished Creatures (others)
  180 foxfires
180 creatures vanquished.

Grand Total: 314 creatures vanquished

Notes
Turn   | Place    | Note
-------+----------+-------------------------------------------
     0 | D:1      | kae the Tengu Fire Elementalist began the quest for the
                  | Orb.
     0 | D:1      | Reached XP level 1. HP: 10/10 MP: 4/4
    83 | D:1      | Reached skill level 2 in Conjurations
    83 | D:1      | Reached XP level 2. HP: 14/15 MP: 4/6
   675 | D:1      | Reached XP level 3. HP: 11/19 MP: 5/7
  1378 | D:2      | Reached skill level 3 in Conjurations
  1492 | D:2      | Learned a level 3 spell: Conjure Flame
  1619 | D:2      | Found a shadowy altar of Dithmenos.
  1834 | D:2      | Reached XP level 4. HP: 21/24 MP: 8/8
  2430 | D:2      | Noticed a hungry ghost
  2619 | D:3      | Reached skill level 4 in Conjurations
  2619 | D:3      | Gained mutation: You can fly continuously. [Tengu growth]
  2619 | D:3      | Reached XP level 5. HP: 25/28 MP: 2/10
  3991 | D:4      | Reached skill level 5 in Fire Magic
  3995 | D:4      | Noticed Menkaure
  3995 | D:4      | Noticed Natasha
  4382 | D:4      | HP: 1/28 [scorpion (3)]
  4390 | D:4      | Reached skill level 5 in Conjurations
  4390 | D:4      | Reached XP level 6. HP: 12/32 MP: 6/11
  4658 | D:4      | Noticed Sigmund
  4863 | D:4      | Noticed a phantom
  4878 | D:4      | Killed a phantom
  5168 | D:4      | Killed Natasha
  5209 | D:4      | Reached skill level 6 in Conjurations
  5209 | D:4      | Reached XP level 7. HP: 15/36 MP: 10/13
  5437 | D:4      | Killed Menkaure
  5692 | D:4      | Noticed Natasha
  5701 | D:4      | Killed Natasha
  5914 | D:4      | Killed Sigmund
  5914 | D:4      | Reached skill level 7 in Conjurations
  6186 | D:5      | Entered Level 5 of the Dungeon
  6195 | D:5      | Learned a level 4 spell: Sticky Flame
  6201 | D:5      | Learned a level 5 spell: Fireball
  6256 | D:5      | Reached XP level 8. HP: 15/41 MP: 11/14
  6639 | D:5      | Found an ornate altar of the Wu Jian Council.
  6678 | D:5      | Found a snail-covered altar of Cheibriados.
  6860 | D:5      | Found a sacrificial altar of Ru.
  7574 | D:6      | Reached skill level 8 in Conjurations
  8265 | D:6      | Found a staircase to the Ecumenical Temple.
  8283 | Temple   | Entered the Ecumenical Temple
  8475 | Temple   | Became a worshipper of Vehumet
  8933 | D:6      | Reached skill level 9 in Conjurations
  9229 | D:6      | Reached XP level 9. HP: 21/45 MP: 14/17
  9598 | D:6      | Killed from afar by an orc wizard

Levels and vault maps discovered:
D:1:      roderic_chinese_lattice_arrival, layout_basic
D:2:      layout_loops_ring, lemuel_doored_altar
D:3:      layout_loops_corners, due_unseen_surprise
D:4:      layout_loops_ring, uniq_menkaure, uniq_natasha, uniq_sigmund
D:5:      layout_loops_ring, kennysheep_little_box,
          nicolae_ru_great_annihilating_truth, first_ration,
          kennysheep_slug_shrine
D:6:      layout_loops_cross, minmay_temple_entry_crystal_x, minivault_5,
          minmay_pentangle
D:7:      cheibrodos_quashed, layout_gridville
Temple:   dpeg_five_rooms_temple

Skill      XL: |  1  2  3  4  5  6  7  8 |
---------------+-------------------------+-----
Conjurations   | 2 3 4 5 6 7 9 |  9.2
Fire Magic     | 4 5 6 8 |  8.4
Spellcasting   | 3 4 |  4.8
Dodging        | |  2.1
Stealth        | |  2.0

Action                   |  1- 3 |  4- 6 |  7- 9 || total
-------------------------+-------+-------+-------++-------
Melee: Unarmed           |    76 |       |       ||    76
       Kick              |    22 |    16 |    25 ||    63
       Peck              |    11 |     9 |    17 ||    37
       Falchion          |     5 |    78 |    87 ||   170
 Cast: Foxfire           |    23 |    22 |    71 ||   116
       Conjure Flame     |       |     8 |       ||     8
  Use: Scroll            |     4 |     9 |     2 ||    15
       Potion            |       |     2 |       ||     2
 Stab: Sleeping          |     1 |     2 |       ||     3
  Eat: Ration            |     1 |       |       ||     1
       Chunk             |       |    11 |    14 ||    25
Armor: Robe              |    23 |    22 |    18 ||    63
Dodge: Dodged            |    65 |    70 |   106 ||   241
       Rpst.: Falchion   |     2 |    21 |    27 ||    50

Table legend:
 A = Non-vault XP
 B = Vault XP
 C = Vault XP percentage of total XP
 D = Non-vault monster count
 E = Vault monster count
 F = Vault count percentage of total count
                 A         B        C        D         E       F
            +---------+---------+-------+---------+---------+-------
      Total |    1407 |     995 |  41.4 |     117 |      17 |  12.7
            +---------+---------+-------+---------+---------+-------
        D:1 |      43 |       0 |   0.0 |      26 |       0 |   0.0
        D:2 |     102 |       0 |   0.0 |      20 |       0 |   0.0
        D:3 |     116 |       0 |   0.0 |      19 |       0 |   0.0
        D:4 |     452 |     419 |  48.1 |      17 |       3 |  15.0
        D:5 |     212 |      43 |  16.9 |      15 |       5 |  25.0
        D:6 |     480 |     533 |  52.6 |      19 |       9 |  32.1
        D:7 |       2 |       0 |   0.0 |       1 |       0 |   0.0
            +---------+---------+-------+---------+---------+-------
